 Dungeon Sprint DCSS version 0.30-a0-51-g784eafce7f (webtiles) character file.

Game seed: 16276249800938782880

380 Ankalagon the Basher (level 6, -2/56 HPs)
             Began as a Naga Fighter on Sept 5, 2022.
             Slain by a neqoxec (10 damage)
             ... in the Dungeon (Sprint II: "The Violet Keep of Menkaure").
             The game lasted 00:00:45 (40 turns).

Ankalagon the Basher (Naga Fighter)                   Turns: 40, Time: 00:00:46

Health: -2/56      AC:  5    Str: 16      XL:     6   Next: 75%
Magic:  6/6        EV:  7    Int:  6 (8)  God:
Gold:   243        SH:  6    Dex: 13      Spells: 5/5 levels left

rFire   . . .      SeeInvis +    a - +0 flail
rCold   . . .      Faith    .    c - +0 buckler
rNeg    . . .      Spirit   .    b - +0 scale mail
rPois   +          Reflect  .    (no helmet)
rElec   .          Harm     .    (no cloak)
rCorr   .          Rampage  .    (no gloves)
Will    .....      NoTele   +    (no barding)
Stlth   ..........               (no amulet)
HPRegen 0.18/turn                (no ring)
MPRegen 0.10/turn                (no ring)

@: mighty, on berserk cooldown, hasted and slowed, very slow
A: AC +2, large, see invisible, deformed body, poison resistance, slowness 2,
spit poison 1, naga tail 1, weak 1
a: Spit Poison


You were in the Dungeon.
You visited 1 branch You collected 243 gold pieces.

Inventory:

Hand Weapons
 a - a +0 flail (weapon)
Armour
 b - a +0 scale mail (worn)
 c - a +0 buckler (worn)
Scrolls
 j - a scroll of blinking
Potions
 e - a potion of curing
 h - 2 potions of magic


   Skills:
 - Level 3.0 Fighting
 + Level 10.7 Maces & Flails
 - Level 2.4 Armour
 - Level 9.0 Shields


You had 5 spell levels left.
You didn't know any spells.
Your spell library was empty.

Dungeon Overview and Level Annotations

Branches:
Dungeon (1/1)

Altars:


Innate Abilities, Weirdness & Mutations

Your serpentine skin is tough. (AC +2)
You have supernaturally acute eyesight. (SInv)
Armour fits poorly on your strangely shaped body.
Your system is resistant to poisons. (rPois)
You cover ground very slowly.
You can spit poison.
You have a snake-like lower body.
You are weak. (Str -2)


Message History

You block the neqoxec's attack. The neqoxec gestures at you.
You feel dopey. Something feeds on your intellect! The neqoxec hits you!
You sock the neqoxec!
The neqoxec is almost dead.
The neqoxec gestures at you.
Strange energies course through your body.
You feel weaker.
You feel yourself speed up. The neqoxec hits you.
* * * LOW HITPOINT WARNING * * *
You sock the neqoxec!
You kill the neqoxec!
The neqoxec gestures at you.
You feel dopey. Something feeds on your intellect!
You feel your intelligence returning.
Training target 9.0 for Shields reached!
Your Maces & Flails skill gained 2 levels and is now at level 10!
Your Shields skill increases to level 9!
You miss the neqoxec. The neqoxec hits you.
* * * LOW HITPOINT WARNING * * *
You barely miss the neqoxec.
The neqoxec hits you but does no damage.
The neqoxec gestures at you.
You feel dopey. Something feeds on your intellect!
You thump the neqoxec!
The neqoxec is moderately wounded.
The neqoxec hits you but does no damage.
You sock the neqoxec!
The neqoxec is heavily wounded.
The neqoxec barely misses you.
You barely miss the neqoxec.
The neqoxec is heavily wounded.
The neqoxec hits you but does no damage.
You sock the neqoxec!
The neqoxec is almost dead.
The neqoxec hits you!
You die...

##
#+###.##
##.##...#
+.<.†.#
##@##...#
#3###.##
33. ##
..##. ###
##


You could see 3 neqoxecs.

Vanquished Creatures
  A neqoxec (D)
  4 necrophages (D)
5 creatures vanquished.

Notes
Turn   | Place    | Note
-------+----------+-------------------------------------------
     0 | D        | Ankalagon the Naga Fighter began the quest for the Orb.
     0 | D        | Reached XP level 1. HP: 21/21 MP: 1/1
     1 | D        | Noticed a necrophage
     1 | D        | Noticed a necrophage
     1 | D        | Noticed a necrophage
     1 | D        | Noticed a necrophage
     5 | D        | Killed a necrophage
     6 | D        | Reached skill level 5 in Maces & Flails
     6 | D        | Reached skill level 5 in Shields
     6 | D        | Reached XP level 2. HP: 28/28 MP: 2/2
     6 | D        | Reached XP level 3. HP: 34/34 MP: 3/3
     6 | D        | Reached XP level 4. HP: 42/42 MP: 4/4
     8 | D        | Killed a necrophage
     9 | D        | Reached skill level 6 in Maces & Flails
     9 | D        | Reached XP level 5. HP: 49/49 MP: 5/5
    13 | D        | Reached skill level 8 in Maces & Flails
    17 | D        | Reached XP level 6. HP: 56/56 MP: 6/6
    22 | D        | Noticed a neqoxec
    22 | D        | Noticed a neqoxec
    22 | D        | Noticed a neqoxec
    22 | D        | Noticed a neqoxec
    32 | D        | Gained mutation: You are weak. (Str -2) [a neqoxec]
    34 | D        | Killed a neqoxec
    35 | D        | Reached skill level 10 in Maces & Flails
    40 | D        | Slain by a neqoxec

Illustrated notes

Levels and vault maps discovered:
D:        the_violet_keep_of_menkaure [sprint2_stairs_cluster_1,
          sprint2_shoproom, sprint2_temple, sprint2_basic_supplies,
          sprint2_obstacle_1, sprint2_obstacle_3, sprint2_obstacle_4,
          sprint2_obstacle_6, sprint2_obstacle_5, sprint2_timed_cluster_1,
          sprint2_smallroom_cluster_1, sprint2_smallroom_final_cluster_1,
          sprint2_transparent_cluster_1, sprint2_second_timed_cluster_1,
          sprint2_sniper_area_1, sprint2_heavy_combat_area_1,
          sprint2_mutation_trap_area_1, sprint2_forest_area_1,
          sprint2_light_combat_area_1, sprint2_behind_water_1,
          sprint2_near_end_vault_1]

Skill      XL: |  1  2  3  4  5  6 |
---------------+-------------------+-----
Maces & Flails | 5 6 8 10 | 10.7
Shields        | 5 6 8 9 |  9.0
Fighting       | |  3.0
Armour         | |  2.4

Action                   |  1- 3 |  4- 6 || total
-------------------------+-------+-------++-------
Melee: Flail             |     2 |    25 ||    27
  Use: Potion            |     1 |     3 ||     4
Armor: Scale mail        |       |     5 ||     5
Dodge: Dodged            |       |     2 ||     2
Block: Buckler           |     1 |     5 ||     6

Table legend: (Time is in decaauts)
 A = Elapsed time spent in this place.
 B = Non-inter-level travel time spent in this place.
 C = Inter-level travel time spent in this place.
 D = Time resting spent in this place.
 E = Time spent auto-exploring this place.
 F = Levels seen in this place.
 G = Mean time per level.
                   A        B        C        D        E       F      G
               +--------+--------+--------+--------+--------+-----+--------+
         Total |     43 |     43 |      0 |      0 |      0 |   1 |   43.0 |
       Dungeon |     43 |     43 |      0 |      0 |      0 |   1 |   43.0 |
               +--------+--------+--------+--------+--------+-----+--------+

Top non-repeatable levels by time:
       D: 43 daAuts
